 Dungeon Crawl Stone Soup version 0.16-a0-2278-gad6c6b8 (webtiles) character file.

4130 Leibowitz the Nimble (level 10, -3/70 (74) HPs)
             Began as a Human Fire Elementalist on Nov 16, 2014.
             Was a Believer of Okawaru.
             Slain by a wolf (5 damage)
             ... led by Grum
             ... on level 8 of the Dungeon.
             The game lasted 00:59:34 (13189 turns).

Leibowitz the Nimble (Human Fire Elementalist)     Turns: 13189, Time: 00:59:35

HP:   -3/70 (74)    AC:  9    Str:  8    XL:     10   Next: 51%
MP:   0/31          EV: 16    Int: 18    God:    Okawaru [**....]
Gold: 229           SH:  0    Dex: 17    Spells: 3 memorised, 13 levels left

rFire  . . .     SeeInvis +     a - +7 trident "Lusosago" {drain, Int+2}
rCold  . . .     Clarity  .     t - +3 leather armour "Zuen" {rPois SInv} (curse)
rNeg   . . .     SustAb   .     (no shield)
rPois  +         Gourm    .     l - +1 helmet
rElec  .         Spirit   +     (no cloak)
rCorr  .         Warding  .     (no gloves)
rMut   .         Rnd*Tele +     v - +0 pair of boots
MR     .....                    x - amulet of guardian spirit
Stlth  +++.......               e - ring of teleportation
                                f - ring of magical power

@: not resistant to hostile enchantments, fairly stealthy
A: no striking features
a: Heroism, Renounce Religion, Evoke Teleportation


You were on level 8 of the Dungeon.
You worshipped Okawaru.
Okawaru was pleased with you.
You were not hungry.

You visited 2 branches of the dungeon, and saw 9 of its levels.

You collected 439 gold pieces.
You spent 210 gold pieces at shops.

Inventory:

Hand weapons
 a - the +7 trident "Lusosago" (weapon) {drain, Int+2}
   (You took it off an orc on level 7 of the Dungeon)

   A truly terrible weapon, it drains the life of those it strikes.
   It affects your intelligence (+2).
 b - a +0 blowgun
 q - a +3 dagger
Missiles
 j - 37 poisoned needles
 n - a throwing net (quivered)
Armour
 l - a +1 helmet (worn)
 s - a +2 leather armour of cold resistance
 t - the cursed +3 leather armour "Zuen" (worn) {rPois SInv}
   (You bought it in a shop on level 8 of the Dungeon)

   It protects you from poison.
   It enhances your eyesight.
   It has a curse placed upon it.
 v - a +0 pair of boots (worn)
Jewellery
 e - a ring of teleportation (right hand)
 f - a ring of magical power (left hand)
 x - an amulet of guardian spirit (around neck)
 D - an uncursed ring of protection from fire
Magical devices
 r - a wand of random effects (9)
 E - a wand of flame (21)
Scrolls
 i - 3 scrolls of amnesia
 p - a scroll of remove curse
 w - a scroll of fear
 y - a scroll of teleportation
Potions
 k - 2 potions of brilliance
 m - a potion of berserk rage {unknown}
 o - a potion of invisibility {unknown}
 u - a potion of magic {unknown}
 z - a potion of agility
Books
 A - a book of Flames

   Spells                             Type                      Level
   *Flame Tongue                      Conjuration/Fire             1
   *Throw Flame                       Conjuration/Fire             2
   *Conjure Flame                     Conjuration/Fire             3
   Inner Flame                        Hexes/Fire                   3
   Sticky Flame                       Conjuration/Fire             4
   Fireball                           Conjuration/Fire             5
 B - a book of Power

   Spells                             Type                      Level
   Fulminant Prism                    Conjuration/Hexes            4
   Iskenderun's Mystic Blast          Conjuration                  4
   Venom Bolt                         Conjuration/Poison           5
   Bolt of Magma                      Conjuration/Fire/Earth       5
   Iron Shot                          Conjuration/Earth            6
   Orb of Destruction                 Conjuration                  7
 F - the Volume of Companions
   (You found it on level 8 of the Dungeon)

   Spells                             Type                      Level
   Summon Small Mammal                Summoning                    1
   Abjuration                         Summoning                    3
   Summon Guardian Golem              Hexes/Summoning              4
   Summon Demon                       Summoning                    5
 G - the Guide on Flamy Attacks
   (You found it on level 8 of the Dungeon)

   Spells                             Type                      Level
   *Flame Tongue                      Conjuration/Fire             1
   *Throw Flame                       Conjuration/Fire             2
   *Conjure Flame                     Conjuration/Fire             3
   Inner Flame                        Hexes/Fire                   3
   Fulminant Prism                    Conjuration/Hexes            4
   Irradiate                          Conjuration/Transmutation    5
Comestibles
 c - 7 bread rations
 d - 4 meat rations
 g - 5 beef jerkies
 h - 7 slices of pizza
 C - 3 chunks of flesh


   Skills:
 * Level 5.2 Fighting
 + Level 4.2 Short Blades
 * Level 2.2 Polearms
 + Level 0.2 Throwing
 + Level 3.3 Armour
 * Level 8.7 Dodging
 * Level 5.6 Stealth
 * Level 5.4 Spellcasting
 + Level 2.8 Conjurations
 + Level 4.0 Fire Magic
 + Level 0.2 Evocations


You had 13 spell levels left.
You knew the following spells:

 Your Spells              Type           Power        Failure   Level  Hunger
a - Flame Tongue          Conj/Fire      ###..        3%          1    None
b - Throw Flame           Conj/Fire      ###...       6%          2    #......
c - Conjure Flame         Conj/Fire      ###.....     12%         3    ##.....


Dungeon Overview and Level Annotations

Branches:
Dungeon (8/15)             Temple (1/1) D:6
   Lair: D:8-11

Altars:
Ashenzari
Cheibriados
Dithmenos
Elyvilon
Fedhas
Gozag
Kikubaaqudgha
Makhleb
Nemelex Xobeh
Okawaru
Qazlal
Ru
Sif Muna
Trog
Yredelemnul
Zin
The Shining One

Shops:
D:7 :   D:8 [

Annotations:
D:2 Sigmund


Message History

You fail to use your ability.
The wolf bites you!
* * * LOW HITPOINT WARNING * * *
The wolf misses you. The wolf barely misses you. The wolf barely misses you.
The wolf misses you. The wolf completely misses you. The wolf bites you!
* * * LOW HITPOINT WARNING * * *
Drink which item? (? for menu, Esc to quit)
Okay, then.
Read which item? (? for menu, Esc to quit)
As you read the scroll of fear, it crumbles to dust.
You assume a fearsome visage.
The wolf resists with some effort.
The wolf looks frightened! x2
The wolf closely misses you. x2
Cornered, the wolf turns to fight!
The wolf barely misses you.
Use which ability? (? or * to list)
You don't have enough magic at the moment.
The wolf bites you.
* * * LOW HITPOINT WARNING * * *
The wolf bites you.
You die...

#.#......'.....#.....#
#...>....#.....+.....#
#.∩.#....##....##....#
#........##....###+###
#.#......##...........
#.#............?......
#.....................
###...................
######.@##.##.##.##....#
##...##.h##.##.##.#####+#
#.....h.................#
#....[..................'
#.......................#
#.......................#
#.......................#
##).##...###...##.......#
#....##...####+#####'#####


You could see 2 wolves.

Vanquished Creatures
  A troll (D:8)
  A hog (D:7)
  2 yaks (D:7)
  A deep elf mage (D:8)
  Grum (D:8)
  A human (D:7)
  2 hippogriffs
  A wolf (D:8)
  Edmund (D:5)
  A water moccasin (D:7)
  A phantom (D:6)
  3 orc warriors
  An ice beast (D:5)
  A sky beast (D:8)
  A necrophage (D:8)
  3 ogres
  A centaur (D:6)
  Blork the orc (D:8)
  2 giant frogs (D:6)
  A scorpion (D:8)
  3 jellies
  4 crimson imps
  3 hounds
  4 giant frog skeletons
  A giant frog zombie (D:7)
  A quasit (D:8)
  2 orc priests (D:7)
  An iguana (D:8)
  7 worker ants
  4 orc wizards
  A killer bee zombie (D:8)
  A sheep (D:7)
  Ijyb (D:2)
  A hound zombie (D:5)
  Terence (D:2)
  4 gnolls
  15 adders
  A shadow imp (D:8)
  2 worms (D:2)
  3 giant geckos
  An ooze (D:3)
  25 orcs
  3 ball pythons
  6 giant cockroaches
  11 goblins
  19 hobgoblins
  12 jackals
  15 kobolds
  15 bats
  6 giant newts
  A giant spore (D:8)
  5 quokkas
  14 rats
  4 ballistomycetes (D:8)
224 creatures vanquished.

Vanquished Creatures (others)
  A rat (D:1)
1 creature vanquished.

Grand Total: 225 creatures vanquished

Notes
Turn   | Place    | Note
--------------------------------------------------------------
     0 | D:1      | Leibowitz, the Human Fire Elementalist, began the quest for the Orb.
     0 | D:1      | Reached XP level 1. HP: 13/13 MP: 3/3
   223 | D:1      | Reached XP level 2. HP: 18/20 MP: 1/4
   228 | D:1      | Learned a level 2 spell: Throw Flame
   477 | D:1      | Reached skill level 1 in Fighting
   603 | D:1      | Reached XP level 3. HP: 9/26 MP: 1/6
  1260 | D:2      | Noticed Sigmund
  1745 | D:2      | Reached XP level 4. HP: 29/32 MP: 7/7
  1780 | D:2      | Noticed Ijyb
  1881 | D:2      | Killed Ijyb
  1881 | D:2      | Reached skill level 1 in Short Blades
  2194 | D:2      | Noticed Terence
  2234 | D:2      | Killed Terence
  2701 | D:3      | Found a bloodstained altar of Trog.
  2733 | D:3      | Reached XP level 5. HP: 28/37 MP: 5/9
  3897 | D:4      | Reached XP level 6. HP: 39/43 MP: 9/11
  5451 | D:5      | Entered Level 5 of the Dungeon
  5507 | D:5      | Reached skill level 4 in Dodging
  6059 | D:5      | Reached XP level 7. HP: 42/50 MP: 13/13
  6968 | D:5      | Noticed Edmund
  7005 | D:5      | Killed Edmund
  7005 | D:5      | Reached skill level 1 in Armour
  7005 | D:5      | Reached skill level 5 in Dodging
  7173 | D:5      | Reached XP level 8. HP: 51/56 MP: 17/17
  7178 | D:5      | Learned a level 3 spell: Conjure Flame
  7486 | D:5      | Noticed an ice beast
  7570 | D:5      | Found a sparkling altar of Nemelex Xobeh.
  7669 | D:5      | Killed an ice beast
  9485 | D:6      | Reached skill level 6 in Dodging
  9564 | D:6      | Found a staircase to the Ecumenical Temple.
  9574 | Temple   | Entered the Ecumenical Temple
  9600 | Temple   | Became a worshipper of Warmaster Okawaru
  9707 | D:6      | Reached XP level 9. HP: 37/64 MP: 18/19
  9767 | D:7      | Found Koopuruph's Book Boutique.
 10205 | D:7      | HP: 3/65 [orc warrior/dire flail (7)]
 10578 | D:7      | Reached skill level 7 in Dodging
 10773 | D:7      | Acquired Okawaru's first power
 11599 | D:7      | Got a pitted trident {drain}
 11600 | D:7      | Identified the +7 trident "Lusosago" {drain, Int+2} (You took it off an orc on level 7 of the Dungeon)
 11800 | D:7      | Found a runed door.
 11818 | D:7      | Found a runed door.
 12004 | D:7      | Reached skill level 5 in Stealth
 12245 | D:7      | Reached XP level 10. HP: 71/73 MP: 21/21
 12487 | D:8      | Noticed Blork the orc
 12498 | D:8      | Killed Blork the orc
 12540 | D:8      | Reached skill level 8 in Dodging
 12540 | D:8      | Reached skill level 5 in Spellcasting
 12628 | D:8      | Found Ynnag's Antique Armour Shop.
 12636 | D:8      | Bought a faintly humming leather armour for 210 gold pieces
 12647 | D:8      | Identified the cursed +3 leather armour "Zuen" {rPois SInv} (You bought it in a shop on level 8 of the Dungeon)
 12669 | D:8      | Reached skill level 1 in Polearms
 12906 | D:8      | Identified the Volume of Companions
 12924 | D:8      | Reached skill level 5 in Fighting
 12928 | D:8      | Identified the Guide on Flamy Attacks
 13162 | D:8      | Noticed Grum
 13170 | D:8      | Killed Grum
 13183 | D:8      | HP: 2/70 [wolf[Grum] (5)]
 13189 | D:8      | Slain by a wolf

Action                   |  1- 3 |  4- 6 |  7- 9 | 10-12 || total
-------------------------+-------+-------+-------+-------++-------
Melee: Dagger            |    60 |       |    62 |       ||   122
       Short sword       |    35 |   337 |   578 |       ||   950
       Trident           |       |       |    37 |   139 ||   176
 Fire: Blowgun           |       |       |     6 |       ||     6
Throw: Throwing net      |       |       |     1 |       ||     1
 Cast: Flame Tongue      |    14 |    37 |    48 |       ||    99
       Throw Flame       |     4 |     5 |    40 |     2 ||    51
       Conjure Flame     |       |       |     2 |       ||     2
 Abil: Evoke Teleportati |       |       |     4 |       ||     4
Evoke: Wand              |       |       |     2 |       ||     2
  Use: Scroll            |       |    11 |     5 |     1 ||    17
       Potion            |       |     1 |    10 |       ||    11
 Stab: Sleeping          |     2 |     3 |     4 |     3 ||    12
       Distracted        |       |     1 |     1 |     1 ||     3
       Held in net/web   |       |       |     2 |       ||     2
  Eat: Chunk             |     3 |    15 |    14 |     2 ||    34
       Fruit             |       |       |     3 |     1 ||     4
       Beef jerky        |       |       |     2 |       ||     2
       Meat ration       |       |       |     1 |       ||     1
